 Dungeon Crawl Stone Soup version 0.17-a0-1011-gfa70bdd (webtiles) character file.

175 oplop the Poker (level 5, -2/42 HPs)
             Began as a Merfolk Gladiator on May 13, 2015.
             Slain by a gnoll
             ... wielding a +0 spear
              (8 damage)
             ... on level 3 of the Dungeon.
             The game lasted 00:03:42 (2340 turns).

oplop the Poker (Merfolk Gladiator)                 Turns: 2340, Time: 00:03:43

Health: -2/42      AC:  5    Str: 16    XL:     5   Next: 55%
Magic:  5/5        EV: 16    Int:  8    God:
Gold:   176        SH:  0    Dex: 19    Spells: 0 memorised, 4 levels left

rFire  . . .     SeeInvis .     a - +0 trident
rCold  . . .     Clarity  .     b - +0 leather armour
rNeg   . . .     SustAb   .     (no shield)
rPois  .         Gourm    .     h - +2 hat
rElec  .         Spirit   .     (no cloak)
rCorr  .         Warding  .     (no gloves)
rMut   .         Stasis   .     (no boots)
MR     .....                    (no amulet)
Stlth  +.........               (no ring)
                                m - +3 ring of dexterity

@: not resistant to hostile enchantments, very unstealthy
A: change form in water, swift swim, agile 1
a: no special abilities


You were on level 3 of the Dungeon.
You were not hungry.

You visited 1 branch of the dungeon, and saw 3 of its levels.

You collected 176 gold pieces.

Inventory:

Hand weapons
 a - a +0 trident (weapon)
Missiles
 c - 3 tomahawks (quivered)
 d - 3 throwing nets
Armour
 b - a +0 leather armour (worn)
 h - a +2 hat (worn)
Jewellery
 m - a +3 ring of dexterity (left hand)
Scrolls
 e - a scroll of fog
 g - 3 scrolls of identify
 k - a scroll of noise
Potions
 j - a potion of curing {unknown}
 l - a potion of cancellation {unknown}
Comestibles
 f - a chunk of flesh
 i - 3 fruits
 n - a meat ration
 o - 3 bread rations


   Skills:
 + Level 4.0 Fighting
 + Level 6.0 Polearms
 - Level 2.0 Throwing
 + Level 5.7 Dodging


You had 4 spell levels left.
You didn't know any spells.

Dungeon Overview and Level Annotations

Branches:
Dungeon (3/15)

Altars:
Dithmenos


Innate Abilities, Weirdness & Mutations

You revert to your normal form in water.
You are very nimble and swift while swimming.
You are agile. (Dex +2)


Message History

Attack whom?
Press: ? - help, Dir - move target cursor, f/p - gnoll
Aim: a gnoll, wielding a spear (heavily wounded)
You reach to attack!
You hit the gnoll.
The gnoll is severely wounded.
The gnoll hits you from afar with a spear!
* * * LOW HITPOINT WARNING * * *
Attack whom?
Press: ? - help, Dir - move target cursor, f/p - gnoll
Aim: a gnoll, wielding a spear (severely wounded)
You reach to attack!
You hit the gnoll but do no damage.
The gnoll is severely wounded.
The gnoll completely misses you.
Attack whom?
Press: ? - help, Dir - move target cursor, f/p - gnoll
Aim: a gnoll, wielding a spear (severely wounded)
You reach to attack!
You hit the gnoll.
The gnoll is almost dead.
The gnoll hits you from afar with a spear!
You die...

#.#
#.#########
#.........#
#.#######.#
#.#
########.#
.........#
#######..#
#@## #.# #g#
## ####.###
.. ##......#
.#.##...#.#.#
............#
...#...###.#
.# . ##.##
#.#


You could see a gnoll.

Vanquished Creatures
  Jessica (D:2)
  Natasha (twice) (D:2)
  3 gnolls
  3 adders (D:2)
  2 giant geckos (D:2)
  8 bats
  2 giant cockroaches
  4 goblins
  6 hobgoblins
  4 jackals (D:2)
  2 quokkas (D:2)
  2 ball pythons
  3 giant newts
  9 kobolds
  10 rats
61 creatures vanquished.

Notes
Turn   | Place    | Note
--------------------------------------------------------------
     0 | D:1      | oplop the Merfolk Gladiator began the quest for the Orb.
     0 | D:1      | Reached XP level 1. HP: 16/16 MP: 1/1
   107 | D:1      | Reached XP level 2. HP: 16/23 MP: 2/2
   615 | D:1      | Reached skill level 5 in Polearms
   615 | D:1      | Reached XP level 3. HP: 7/28 MP: 3/3
  1009 | D:2      | Found a shadowy altar of Dithmenos.
  1496 | D:2      | Noticed Natasha
  1506 | D:2      | Killed Natasha
  1506 | D:2      | Reached skill level 5 in Dodging
  1506 | D:2      | Reached XP level 4. HP: 20/35 MP: 4/4
  1573 | D:2      | Noticed Natasha
  1577 | D:2      | Killed Natasha
  1584 | D:2      | Gained mutation: You are agile. (Dex +2) [potion of beneficial mutation]
  1954 | D:2      | Reached XP level 5. HP: 39/41 MP: 5/5
  1956 | D:2      | Noticed Jessica
  1961 | D:2      | Killed Jessica
  2318 | D:3      | Reached skill level 6 in Polearms
  2340 | D:3      | Slain by a gnoll

Vault maps used:
D:1:      dpeg_arrival_short_road
D:2:      lemuel_crystal_altar, grunt_decor_one_mirror, minivault_25,
          minmay_misc_feat_plants, uniq_jessica, uniq_natasha
D:3:      uniq_sigmund, uniq_grinder

Action                   |  1- 3 |  4- 6 || total
-------------------------+-------+-------++-------
Melee: Trident           |   106 |   109 ||   215
Throw: Throwing net      |     2 |       ||     2
  Use: Scroll            |       |     4 ||     4
       Potion            |       |     1 ||     1
  Eat: Chunk             |     1 |     3 ||     4
       Bread ration      |       |     1 ||     1
